 Dungeon Crawl Stone Soup version 0.20.1-1-g8b1a95d (webtiles) character file.

324 Ulfhedinn the Magician (level 6, -2/34 HPs)
             Began as a Kobold Wizard on Sept 18, 2017.
             Slain by a centaur (7 damage)
             ... on level 5 of the Dungeon.
             The game lasted 00:33:09 (4775 turns).

Ulfhedinn the Magician (Kobold Wizard)              Turns: 4775, Time: 00:33:09

Health: -2/34      AC:  2    Str:  4    XL:     6   Next: 78%
Magic:  0/12       EV: 16    Int: 20    God:
Gold:   211        SH:  0    Dex: 15    Spells: 6/14 levels left

rFire    . . .     SeeInvis .   a - +0 dagger
rCold    . . .     Gourm    .   (shield restricted)
rNeg     . . .     Faith    .   m - +0 robe
rPois    .         Spirit   .   n - +0 hat
rElec    .         Reflect  .   (no cloak)
rCorr    .         Harm     .   (no gloves)
MR       .....                  (no boots)
Stlth    +++.......             (no amulet)
Regen    0.2/turn               (no ring)
MPRegen  0.2/turn               (no ring)

@: very slightly contaminated
A: carnivore 3
a: no special abilities


You were on level 5 of the Dungeon.
You were completely stuffed.

You visited 1 branch of the dungeon, and saw 5 of its levels.

You collected 211 gold pieces.

Inventory:

Hand Weapons
 a - a +0 dagger (weapon)
 b - a +0 blowgun
 j - a +0 club
Missiles
 i - 108 stones (quivered)
 o - 26 poisoned needles
 t - 7 tomahawks
Armour
 k - a +0 leather armour
 m - a +0 robe (worn)
 n - a +0 hat (worn)
Wands
 s - a wand of random effects (25/48)
Scrolls
 g - 3 scrolls of magic mapping
 r - a scroll of noise {unknown}
 u - a scroll of teleportation
 v - a scroll of amnesia
Potions
 e - a potion of berserk rage
 h - a potion of haste {unknown}
 l - a potion of curing
 p - a potion of ambrosia {unknown}
 q - a potion of heal wounds {unknown}
Books
 c - a book of Minor Magic

   Spells                             Type                      Level
   a - Magic Dart                     Conjuration                  1
   b - Blink                          Translocation                2
   c - Call Imp                       Summoning                    2
   d - Slow                           Hexes                        2
   e - Conjure Flame                  Conjuration/Fire             3
   f - Mephitic Cloud                 Conjuration/Poison/Air       3
Comestibles
 d - 3 meat rations
 f - 6 royal jellies


   Skills:
 + Level 1.4 Fighting
 * Level 1.8 Short Blades
 + Level 0.1 Maces & Flails
 + Level 1.6 Throwing
 + Level 1.0 Armour
 * Level 3.1 Dodging
 * Level 4.0 Stealth
 + Level 4.5 Spellcasting
 * Level 2.7 Conjurations
 + Level 0.4 Hexes
   Level 1.0 Summonings
 + Level 1.0 Translocations
 + Level 1.1 Fire Magic


You had 6 spell levels left.
You knew the following spells:

 Your Spells              Type           Power        Failure   Level  Hunger
a - Magic Dart            Conj           ###.         4%          1    None
b - Slow                  Hex            #.......     16%         2    #......
c - Conjure Flame         Conj/Fire      ##......     17%         3    ##.....
d - Blink                 Tloc           N/A          12%         2    #......


Dungeon Overview and Level Annotations

Branches:
Dungeon (5/15)             Temple (0/1) D:5

Altars:
Kikubaaqudgha

Annotations:
D:4 Duvessa


Innate Abilities, Weirdness & Mutations

You are small and have problems with some larger weapons.
You are carnivorous and can eat meat at any time.


Message History

The magic dart hits the centaur.
The centaur is heavily wounded.
The centaur closely misses you. x2
Casting: Magic Dart
Confirm with . or Enter, or press ? or * to list all spells.
Aiming: Magic Dart
Press: ? - help, Shift-Dir - straight line, f/p - centaur
Aim: a centaur (heavily wounded)
The magic dart hits the centaur.
The centaur is severely wounded.
The centaur misses you.
Casting: Magic Dart
Confirm with . or Enter, or press ? or * to list all spells.
Aiming: Magic Dart
Press: ? - help, Shift-Dir - straight line, f/p - centaur
Aim: a centaur (severely wounded)
The magic dart hits the centaur.
The centaur is almost dead.
The centaur hits you!
You die...

*,,,,,* ##...## *,**,**,
**,***** ##...$.## *,**,**,
**,,,,** ##.......## **,**,**,
*,***,,***#.........#***,,,,,,,,
*,* *,,,,,+.........+,,,,,,,,,,,
*,***,,***#........<#***,,,*,***
**,,,>** *#.......## **,**,***
**,*** ##.....##*****,,,,,,, *,*
##.@.## *,,,,,,,,**, *,*
******##c## *,***,**,**, *,*
*,,,,,,..# *,* *,,,,**, *,*
*,****#..# *,* *,**,**,
*,****,****#..#* *,* *,**,**,
*,,,,,,,,,*#...** *,***,,,,,,,
******,**,*....,* *,,,,,,,,***
*,**,*#...********,****
*,,,,,,,,,,,,,,,,,,*


You could see a centaur.

Vanquished Creatures
  Dowan (D:4)
  2 orc priests (D:4)
  A centaur skeleton (D:4)
  A worker ant (D:4)
  4 adders
  An ooze (D:1)
  An adder zombie (D:3)
  2 dart slugs
  A worm (D:3)
  4 leopard geckos
  8 orcs
  2 ball pythons
  2 bat zombies (D:4)
  4 giant cockroaches
  17 goblins
  13 hobgoblins
  4 jackals (D:3)
  2 quokkas
  6 bats
  11 frilled lizards
  7 kobolds
  2 quokka skeletons (D:4)
  8 rats
  4 rat zombies (D:4)
108 creatures vanquished.

Notes
Turn   | Place    | Note
-------+----------+-------------------------------------------
     0 | D:1      | Ulfhedinn the Kobold Wizard began the quest for the Orb.
     0 | D:1      | Reached XP level 1. HP: 10/10 MP: 4/4
   220 | D:1      | Reached XP level 2. HP: 11/15 MP: 1/6
   224 | D:1      | Learned a level 2 spell: Slow
   592 | D:1      | Reached XP level 3. HP: 14/19 MP: 4/8
   684 | D:1      | Learned a level 3 spell: Conjure Flame
  1586 | D:2      | Reached XP level 4. HP: 24/24 MP: 2/9
  1772 | D:2      | Reached skill level 1 in Short Blades
  1832 | D:2      | Reached skill level 1 in Fighting
  2143 | D:2      | Reached skill level 1 in Fire Magic
  2495 | D:3      | Found a faded altar of an unknown god.
  2770 | D:3      | Reached XP level 5. HP: 26/29 MP: 7/10
  3158 | D:3      | Learned a level 2 spell: Blink
  3640 | D:4      | Reached skill level 1 in Armour
  3652 | D:4      | Reached skill level 1 in Throwing
  3660 | D:4      | Noticed Duvessa
  3663 | D:4      | Noticed Dowan
  3682 | D:4      | Killed Dowan
  3682 | D:4      | Reached XP level 6. HP: 24/34 MP: 0/12
  4665 | D:4      | Found an ancient bone altar of Kikubaaqudgha.
  4753 | D:5      | Entered Level 5 of the Dungeon
  4775 | D:5      | Slain by a centaur

Skill      XL: |  1  2  3  4  5  6 |
---------------+-------------------+-----
Short Blades   | 1 |  1.8
Fighting       | 1 |  1.4
Stealth        | 3 4 |  4.0
Fire Magic     | 1 |  1.1
Conjurations   | 2 |  2.7
Spellcasting   | 4 |  4.5
Armour         | 1 |  1.0
Throwing       | 1 |  1.6
Dodging        | 3 |  3.1
Maces & Flails | |  0.1
Hexes          | |  0.4
Summonings     | |  1.0
Translocations | |  1.0

Action                   |  1- 3 |  4- 6 || total
-------------------------+-------+-------++-------
Melee: Club              |    34 |       ||    34
       Unarmed           |     2 |       ||     2
       Dagger            |    12 |    48 ||    60
 Fire: Blowgun           |       |    33 ||    33
Throw: Stone             |     3 |       ||     3
 Cast: Magic Dart        |    91 |   200 ||   291
       Conjure Flame     |     1 |     2 ||     3
       Slow              |       |     5 ||     5
  Use: Scroll            |       |     9 ||     9
       Potion            |       |     3 ||     3
 Stab: Sleeping          |     1 |     1 ||     2
  Eat: Chunk             |    10 |    10 ||    20
Armor: Robe              |     9 |    14 ||    23
Dodge: Dodged            |    62 |   118 ||   180
